 Dungeon Crawl Stone Soup version 0.28.0 (console) character file.

Game seed: 7431304994837265406

38 isthmus the Slasher (level 3, 0/28 HPs)
             Began as a Djinni Gladiator on Feb 10, 2022.
             Was a Follower of Makhleb.
             Killed from afar by Natasha (6 damage)
             ... with a magic dart
             ... on level 2 of the Dungeon.
             The game lasted 00:03:52 (1450 turns).

isthmus the Slasher (Djinni Gladiator)              Turns: 1450, Time: 00:03:53

Health: 0/28       AC:  6    Str: 13    XL:     3   Next: 65%
Gold:   53         EV: 11    Int: 11    God:    Makhleb [*.....] SH:  0 Dex: 14

rFire   + + .      SeeInvis .   a - +0 long sword
rCold   x . .      Faith    .   (no shield)
rNeg    . . .      Spirit   .   k - +0 ring mail
rPois   ∞          Reflect  .   c - +0 helmet
rElec   .          Harm     .   (no cloak)
rCorr   .          Rampage  .   (no gloves)
Will    .....                   (boots unavailable)
Stlth   +.........              (no amulet)
HPRegen 0.09/turn               (no ring)
MPRegen 0.00/turn               (no ring)

@: flying
A: sickness immunity, fire resistance 2, cold vulnerability 1, float, innate
caster, HP casting, extra vitality 1
a: Renounce Religion


You were on level 2 of the Dungeon.
You worshipped Makhleb.
Makhleb was aware of your devotion.
You visited 1 branch of the dungeon, and saw 2 of its levels.

You collected 53 gold pieces.

Inventory:

Hand Weapons
 a - a +0 long sword (weapon)
Missiles
 d - 2 throwing nets (quivered)
 g - 65 stones
Armour
 b - a +0 leather armour
 c - a +0 helmet (worn)
 k - a +0 ring mail (worn)
Scrolls
 e - a scroll of brand weapon {unknown}
 f - 2 scrolls of teleportation
 h - a scroll of fear {unknown}
 m - a scroll of magic mapping {unknown}
Potions
 i - a potion of curing {unknown}


   Skills:
 - Level 2.0 Fighting
 * Level 3.7 Long Blades
 - Level 2.0 Throwing
 + Level 0.1 Armour
 - Level 3.2 Dodging


You had one spell level left.
You knew the following spells:

 Your Spells              Type           Power      Damage    Failure   Level
a - Summon Small Mammal   Summ           0%         N/A       61%         1
Your spell library was empty.

Dungeon Overview and Level Annotations

Branches:
Dungeon (2/15)

Altars:
Makhleb

Annotations:
D:2 Natasha


Innate Abilities, Weirdness & Mutations

You are immune to sickness and miasma.
You are immune to poison.
Your flesh is very heat resistant. (rF++)
You are vulnerable to cold. (rC-)
You float through the air rather than walking.
You learn spells naturally, not from books.
Your magical power is your life essence.
You have superior vitality. (+4 MHP)


Message History

g - 65 stones (gained 11) Natasha is nearby!
Natasha hisses angrily.
You see here a fuming white potion.
i - a fuming white potion Natasha casts a spell at you.
The magic dart hits you. Natasha closely misses you.
You hit Natasha.
Natasha is moderately wounded.
Natasha claws you but does no damage.
You closely miss Natasha.
Natasha is moderately wounded.
Natasha claws you!
You closely miss Natasha.
Natasha is moderately wounded.
Natasha barely misses you.
You hit Natasha.
Natasha is moderately wounded.
Natasha stares at you and mumbles some strange words.
You resist with some effort.
You hit Natasha but do no damage.
Natasha is moderately wounded.
Natasha barely misses you. Natasha claws you.
* * * LOW HITPOINT WARNING * * *
You closely miss Natasha.
Natasha is moderately wounded.
Natasha howls an incantation.
Natasha's front paws start to glow.
Natasha claws you!
* * * LOW HITPOINT WARNING * * *
You aren't carrying any items that you can evoke.
Throw: 3 throwing nets
Press: ? - help, Q - select action, (/) - cycle Shift-Dir - straight line, f - Natasha
Aim: Natasha (moderately wounded, 53% to hit)
You throw a throwing net. The throwing net hits Natasha.
Natasha is caught in the net!
Natasha is moderately wounded.
Natasha casts a spell at you. The magic dart hits you.
You die...

...... ####..#.###
........... ###
###...#.... ....#####
......# # #>......#
......# +.....!.#
#.#.### ###+##.......#
....######.....>......##
#.#.....................
#............<..........
#...............@h......
#.......................
..........##########....
.....##...# ...
..#####...# . .. #...#
#. #####


You could see Natasha (caught).

Vanquished Creatures
  A gnoll (D:1)
  A dart slug (D:1)
  2 ball pythons (D:1)
  2 bats (D:1)
  7 endoplasms (D:1)
  3 goblins (D:1)
  A hobgoblin (D:1)
  4 kobolds (D:1)
  A frilled lizard (D:1)
  A rat (D:1)
23 creatures vanquished.

Notes
Turn   | Place    | Note
-------+----------+-------------------------------------------
     0 | D:1      | isthmus the Djinni Gladiator began the quest for the Orb.
     0 | D:1      | Reached XP level 1. HP: 18/18 MP: 0/0
   199 | D:1      | Found a faded altar of an unknown god.
   218 | D:1      | Prayed at the altar of an unknown god.
   218 | D:1      | Became a worshipper of Makhleb the Destroyer
   218 | D:1      | Reached * piety under Makhleb
   224 | D:1      | Reached XP level 2. HP: 20/23 MP: 0/0
   572 | D:1      | Reached XP level 3. HP: 25/28 MP: 0/0
   572 | D:1      | Learned a level 1 spell: Summon Small Mammal
  1324 | D:2      | Noticed Natasha
  1450 | D:2      | Killed from afar by Natasha

Illustrated notes

Levels and vault maps discovered:
D:1:      amcnicky_arrival_flooded_fountain, layout_loops_ring,
          ebering_ecumenical_altar_rust
D:2:      minmay_razor_zed, layout_basic, uniq_natasha, uniq_crazy_yiuf_cottage

Skill      XL: |  1  2 |
---------------+-------+-----
Long Blades    | 3 |  3.7
Throwing       | 2 |  2.0
Fighting       | |  2.0
Armour         | |  0.1
Dodging        | |  3.2

Action                   || total
-------------------------++-------
Melee: Long sword        ||    62
       Punch             ||     1
Throw: Throwing net      ||     2
  Use: Scroll            ||     3
Armor: Leather armour    ||    12
       Ring mail         ||     6
Dodge: Dodged            ||    28
